Map: New Repugnancy LE

Players

lllllllllll

  • Race: Protoss Protoss
  • League: Master
  • Spawn Location: 1:00

blitzkrieg - Winner!

  • Race: Protoss Protoss
  • League: Master
  • Spawn Location: 7:00

VOD

Have the link to the VOD?

Description

Time

  • Played on: May 14, 2019, 12:06 p.m.
  • Length: 14:02
Show
View Real Time Build Order
Export as new Build Order

lllllllllll Protoss 

Build Orders: Phoenix Opening 

Get SALT Encoding   

  12  0:02  Probe  
  13  0:14  Probe  
  14  0:18  Pylon  
  14  0:26  Probe  
  15  0:34  Probe  
  15  0:42  Probe  
  17  0:51  Forge  
  17  0:55  Gateway  
  17  1:02  Probe  
  18  1:14  Probe  
  19  1:28  Photon Cannon  
  19  1:37  Assimilator  
  19  1:43  Probe  
  19  1:45  Cybernetics Core  
  20  1:51  Probe  
  20  1:52  Assimilator  
  20  1:53  Photon Cannon  
  20  2:01  Probe  
  21  2:05  Pylon  
  22  2:13  Probe  
  22  2:14  Stalker  
  23  2:26  Gateway  
  23  2:28  Probe  
  26  2:37  Warp Gate  
  26  2:43  Adept  
  28  3:05  Probe  
  29  3:08  Stargate  
  29  3:28  Stalker  
  29  3:33  Pylon  
  31  3:34  Pylon  
  31  3:42  Protoss Ground Weapons Level 1  
  31  3:54  Phoenix  
  33  4:08  Photon Cannon  
  33  4:10  Shield Battery  
  33  4:14  Pylon  
  33  4:32  Adept x2  
  33  4:38  Shield Battery  
  37  4:40  Pylon  
  37  4:48  Gateway  
  37  4:51  Gateway  
  37  5:07  Stalker  
  37  5:08  Stalker  
  37  5:10  Void Ray  
  45  5:32  Twilight Council  
  43  5:42  Adept x2  
  45  5:50  Stalker x2  
  45  5:52  Blink  
  49  6:29  Shield Battery  
  49  6:31  Photon Cannon  
  49  6:33  Pylon  
  49  6:39  Nexus  
  49  6:49  Dark Shrine  
  48  7:18  Stalker x2  
  48  7:19  Stalker  
  54  7:30  Stalker  
  56  8:02  Stalker x4  
  62  8:41  Robotics Facility  
  62  9:22  Pylon  
  62  9:28  Shadow Stride  
  62  9:31  Protoss Ground Weapons Level 2  
  62  9:42  Pylon  
  62  9:46  Pylon  
  62  9:51  Warp Prism  
  64  10:16  Dark Templar x2  
  68  10:30  Stalker x2  
  72  10:51  Nexus  
  72  10:54  Pylon  
  72  10:55  Pylon  
  72  11:13  Stalker x2  
  76  11:36  Photon Cannon  
  76  11:38  Shield Battery  
  64  12:18  Probe  
  64  12:19  Charge  
  65  12:30  Probe  
  66  12:38  Probe  
  65  12:46  Probe, Photon Cannon  
  65  12:47  Photon Cannon  
  65  12:51  Templar Archives  
  64  12:56  Probe  
  60  13:00  Stalker  
  60  13:02  Stalker  
  65  13:10  Pylon  
  63  13:14  Stalker  
  65  13:24  Probe  
  66  13:36  Probe  
  67  13:42  Zealot x3  
  67  13:43  Stalker  
Show
View Real Time Build Order
Export as new Build Order

blitzkrieg Protoss - Winner!

Build Orders:  

Get SALT Encoding   

  12  0:01  Probe  
  13  0:13  Probe  
  14  0:18  Pylon  
  14  0:25  Probe  
  15  0:37  Probe  
  15  0:40  Forge  
  16  0:58  Pylon  
  16  1:06  Probe  
  16  1:11  Pylon  
  17  1:22  Photon Cannon  
  17  1:23  Gateway  
  16  1:29  Photon Cannon  
  16  1:39  Assimilator  
  16  1:42  Assimilator  
  16  1:48  Probe  
  16  1:49  Pylon  
  17  1:56  Probe  
  18  2:06  Probe  
  19  2:16  Probe  
  19  2:21  Cybernetics Core  
  20  2:24  Probe  
  21  2:32  Probe  
  22  2:47  Probe  
  22  2:50  Adept  
  22  2:51  Photon Cannon  
  23  3:04  Stargate  
  25  3:14  Shield Battery  
  25  3:20  Pylon  
  25  3:33  Shield Battery  
  25  3:36  Void Ray  
  29  4:03  Stargate  
  29  4:19  Void Ray  
  33  4:37  Void Ray  
  33  4:47  Photon Cannon  
  33  4:52  Shield Battery  
  35  5:11  Pylon  
  35  5:38  Probe  
  34  5:50  Probe  
  35  6:01  Void Ray  
  35  6:02  Probe  
  39  6:25  Void Ray  
  39  6:30  Pylon  
  43  6:52  Probe  
  44  7:06  Void Ray  
  48  7:35  Nexus  
  48  7:42  Void Ray  
  52  7:55  Photon Cannon  
  52  7:56  Shield Battery  
  48  8:21  Void Ray  
  52  8:35  Pylon  
  52  8:46  Void Ray  
  53  9:13  Probe  
  53  9:16  Assimilator  
  51  9:25  Probe  
  52  9:37  Probe  
  52  9:38  Pylon  
  53  9:43  Robotics Facility  
  53  9:49  Probe  
  54  10:00  Photon Cannon  
  54  10:02  Shield Battery  
  54  10:06  Assimilator  
  54  10:23  Immortal  
  58  10:41  Photon Cannon  
  58  10:49  Forge  
  58  11:11  Pylon  
  58  11:13  Pylon  
  56  11:25  Observer  
  56  11:29  Pylon  
  57  11:41  Immortal  
  61  12:07  Photon Cannon  
  61  12:14  Void Ray  
  64  12:42  Immortal  
  68  12:52  Void Ray  
Tags
 
Add a new tag
Caveats
  • Supply blocks, unpowered buildings, or Contaminate may cause inaccurate times.
  • Supply counts are checked every 10 seconds.